[Event "Ciutat Barcelona CAT-ARG 2018"]
[Site "Barcelona"]
[Date "2018.10.08"]
[Round "1"]
[White "Pichot, Alan"]
[Black "Asis Gargatagli, Hipolito"]
[Result "*"]
[ECO "C70"]
[WhiteElo "2556"]
[BlackElo "2526"]
[Annotator "RC"]
[PlyCount "28"]
[EventDate "2018.10.08"]
[EventCountry "ESP"]
[SourceTitle "playchess.com"]
[Source "ChessBase"]
[SourceQuality "1"]
[TimeControl "5400+30"]

1. e4 e5 2. Nf3 Nc6 3. Bb5 a6 4. Ba4 Nf6 5. d3 Bc5 6. Nc3 d6 7. Nd5 Nxd5 8. exd5 b5 9. Bb3 Na5 10. Bg5 f6 11. Be3 Bg4 12. Qd2 Nxb3 13. axb3 Bxf3 14. gxf3 O-O *

[Event "Ciutat Barcelona CAT-ARG 2018"]
[Site "Barcelona"]
[Date "2018.10.08"]
[Round "1"]
[White "Diaz Camallonga, Carles"]
[Black "Krysa, Leandro"]
[Result "*"]
[ECO "E71"]
[WhiteElo "2444"]
[BlackElo "2503"]
[Annotator "RC"]
[PlyCount "28"]
[EventDate "2018.10.08"]
[EventCountry "ESP"]
[SourceTitle "playchess.com"]
[Source "ChessBase"]
[SourceQuality "1"]
[TimeControl "5400+30"]

1. d4 Nf6 2. c4 g6 3. Nc3 Bg7 4. e4 d6 5. h3 O-O 6. Be3 Nbd7 7. Nf3 e5 8. d5 Nc5 9. Nd2 a5 10. g4 c6 11. Be2 a4 12. g5 Nfd7 13. h4 Qa5 14. Qb1 f5 *

[Event "Ciutat Barcelona CAT-ARG 2018"]
[Site "Barcelona"]
[Date "2018.10.14"]
[Round "10"]
[White "Perez Ponsa, Federico"]
[Black "Asis Gargatagli, Hipolito"]
[Result "1-0"]
[ECO "B90"]
[WhiteElo "2554"]
[BlackElo "2526"]
[Annotator "RC"]
[PlyCount "181"]
[EventDate "2018.10.08"]
[EventCountry "ESP"]
[SourceTitle "playchess.com"]
[Source "ChessBase"]
[SourceQuality "1"]
[TimeControl "900+5"]

1. e4 c5 2. Nf3 d6 3. d4 cxd4 4. Nxd4 Nf6 5. Nc3 a6 6. a3 Nc6 7. Be2 g6 8. Be3 Bg7 9. Qd2 O-O 10. O-O-O Nxd4 11. Bxd4 b5 12. h4 Bb7 13. f3 Rc8 14. h5 e5 15. Be3 Nxh5 16. Qxd6 Qxd6 17. Rxd6 Ng3 18. Re1 f5 19. Bd3 fxe4 20. fxe4 Rf7 21. Re6 Rd7 22. Kb1 Kf7 23. Rb6 Rc6 24. a4 Rxb6 25. Bxb6 bxa4 26. Nxa4 Bf8 27. Bc5 Rc7 28. b4 Bc8 29. Re3 Nh5 30. Rf3+ Nf4 31. g3 g5 32. gxf4 exf4 33. Bxf8 Kxf8 34. c4 Rf7 35. c5 g4 36. Rf1 g3 37. Be2 Bh3 38. Rg1 f3 39. Bxf3 Rxf3 40. Kc2 Bd7 41. Nc3 h5 42. Kd2 h4 43. Ne2 Bb5 44. c6 Rf2 45. c7 Bd7 46. Ke3 Rf7 47. Rh1 h3 48. Nxg3 Bc8 49. Rc1 h2 50. Rh1 Rh7 51. Nf1 Rxc7 52. Rxh2 Bb7 53. Nd2 Rc3+ 54. Kd4 Rc2 55. e5 Bc8 56. Rf2+ Ke7 57. Kd3 Rb2 58. Kc3 Ra2 59. Rh2 Bf5 60. Rf2 Ke6 61. Re2 Bg6 62. Rg2 Bf5 63. Rh2 Bg6 64. Rg2 Bf5 65. Rf2 Rc2+ 66. Kd4 Rb2 67. Kc3 Rc2+ 68. Kd4 Rb2 69. Rh2 Rxb4+ 70. Nc4 Rxc4+ 71. Kxc4 Kxe5 72. Kc5 Bd3 73. Rh5+ Kf6 74. Kd4 Bg6 75. Ra5 Kg7 76. Rxa6 Bf7 77. Ke5 Bg8 78. Ra7+ Kh8 79. Kf6 Bh7 80. Ra3 Bg8 81. Rh3+ Bh7 82. Rh1 Kg8 83. Rc1 Kh8 84. Rc8+ Bg8 85. Rc7 Bd5 86. Rg7 Bg8 87. Rg5 Be6 88. Kg6 Kg8 89. Re5 Bf7+ 90. Kf6 Kf8 91. Rb5 1-0

[Event "Ciutat Barcelona CAT-ARG 2018"]
[Site "Barcelona"]
[Date "2018.10.14"]
[Round "11"]
[White "Perez Ponsa, Federico"]
[Black "Alonso Rosell, Alvar"]
[Result "1/2-1/2"]
[ECO "C48"]
[WhiteElo "2554"]
[BlackElo "2526"]
[Annotator "ChessBase"]
[PlyCount "99"]
[EventDate "2018.10.08"]
[EventCountry "ESP"]
[SourceTitle "playchess.com"]
[Source "ChessBase"]
[SourceQuality "1"]
[TimeControl "900+5"]

1. e4 e5 2. Nf3 Nc6 3. Nc3 Nf6 4. Bb5 Bd6 5. d3 a6 6. Ba4 O-O 7. a3 b5 8. Bb3 Be7 9. O-O d6 10. Nd5 Nxd5 11. Bxd5 Bd7 12. Be3 Rb8 13. b4 Bf6 14. c3 Qe8 15. a4 bxa4 16. Rxa4 Ne7 17. Rxa6 Nxd5 18. exd5 Bb5 19. Ra7 e4 20. Nd4 Bxd3 21. Re1 Rc8 22. Qd2 Bxd4 23. Bxd4 f6 24. Qf4 Qf7 25. Ra5 Ra8 26. Rea1 Qxd5 27. h4 Rxa5 28. Rxa5 Qc4 29. h5 h6 30. Ra7 Qc6 31. Qg4 Bc4 32. Qf5 Bf7 33. b5 Qc4 34. Qd7 Qd3 35. Qg4 Qb1+ 36. Kh2 Qxb5 37. Rxc7 Qxh5+ 38. Qxh5 Bxh5 39. Rd7 Rc8 40. Rxd6 Bg4 41. Kg3 h5 42. Kf4 Kf7 43. Kxe4 Be6 44. Rb6 Rc7 45. Rb5 Bd7 46. Rxh5 Bc6+ 47. Ke3 Bxg2 48. Ra5 Bf1 49. Ra7 Rxa7 50. Bxa7 1/2-1/2

[Event "Ciutat Barcelona CAT-ARG 2018"]
[Site "Barcelona"]
[Date "2018.10.14"]
[Round "11"]
[White "Asis Gargatagli, Hipolito"]
[Black "Pichot, Alan"]
[Result "1-0"]
[ECO "B40"]
[WhiteElo "2526"]
[BlackElo "2556"]
[Annotator "ChessBase"]
[PlyCount "97"]
[EventDate "2018.10.08"]
[EventCountry "ESP"]
[SourceTitle "playchess.com"]
[Source "ChessBase"]
[SourceQuality "1"]
[TimeControl "900+5"]

1. e4 c5 2. Nf3 e6 3. b3 b6 4. Bd3 Bb7 5. O-O Nf6 6. e5 Nd5 7. Be4 Ne3 8. Bxb7 Nxd1 9. Bxa8 f5 10. Rxd1 Na6 11. Bb7 Nb4 12. Ne1 Qc7 13. Bf3 Qxe5 14. c3 Nc6 15. d4 cxd4 16. Bb2 Bd6 17. g3 O-O 18. cxd4 Qf6 19. Nd2 Bb4 20. a3 Bxd2 21. Rxd2 d5 22. b4 f4 23. Bg2 Nd8 24. Rc1 Nf7 25. Nf3 Nd6 26. Ne5 Ne4 27. Re2 Qh6 28. Rce1 Ng5 29. Bc1 Nh3+ 30. Bxh3 Qxh3 31. Bxf4 h6 32. f3 Qf5 33. Rc1 h5 34. h4 Qh3 35. Rh2 Qf5 36. Bg5 a5 37. b5 Kh7 38. Kg2 Kg8 39. Rhh1 Re8 40. Rhe1 Qf8 41. Re3 Kh7 42. g4 Rc8 43. Rc6 Re8 44. Rec3 hxg4 45. fxg4 a4 46. Rf3 Qh8 47. h5 Rc8 48. Ng6 Qe8 49. Rf8 1-0

[Event "Ciutat Barcelona CAT-ARG 2018"]
[Site "Barcelona"]
[Date "2018.10.14"]
[Round "11"]
[White "Krysa, Leandro"]
[Black "Diaz Camallonga, Carles"]
[Result "1-0"]
[ECO "D10"]
[WhiteElo "2503"]
[BlackElo "2444"]
[Annotator "ChessBase"]
[PlyCount "145"]
[EventDate "2018.10.08"]
[EventCountry "ESP"]
[SourceTitle "playchess.com"]
[Source "ChessBase"]
[SourceQuality "1"]
[TimeControl "900+5"]

1. d4 d5 2. c4 c6 3. cxd5 cxd5 4. Bg5 Nc6 5. Nc3 Bf5 6. e3 f6 7. Bh4 e6 8. Qb3 Qd7 9. Nf3 Rc8 10. Bb5 Bd6 11. O-O Nge7 12. Rfc1 g5 13. Bg3 h5 14. Na4 h4 15. Bxd6 Qxd6 16. Bf1 b6 17. Nc3 g4 18. Ne1 Kf7 19. Nb5 Qd7 20. Qa3 Kg7 21. Nd6 Rc7 22. Rc3 Na5 23. Rac1 Rxc3 24. Rxc3 g3 25. fxg3 hxg3 26. hxg3 Rd8 27. Nb5 Rc8 28. Qd6 Qxd6 29. Nxd6 Rxc3 30. bxc3 Bb1 31. a3 Nf5 32. Nxf5+ Bxf5 33. Kf2 Nb3 34. c4 Nd2 35. cxd5 exd5 36. Bd3 Bxd3 37. Nxd3 Nb1 38. a4 Nc3 39. Nb2 Kg6 40. Kf3 Kg5 41. g4 a5 42. Kg3 b5 43. axb5 a4 44. b6 a3 45. Nd3 Ne4+ 46. Kh3 a2 47. b7 a1=Q 48. b8=Q Qh1+ 49. Qh2 Qd1 50. Qf4+ Kg6 51. Nf2 Nxf2+ 52. Qxf2 Kg7 53. Kg3 Qd3 54. Qf3 Qd2 55. g5 fxg5 56. Kg4 Qd3 57. Kxg5 Qg6+ 58. Kh4 Qc6 59. Qf5 Qh6+ 60. Qh5 Qc6 61. Qg5+ Kh7 62. Qf5+ Kg7 63. Qe5+ Kh7 64. g4 Qb7 65. Kg5 Qc6 66. Qe7+ Kg8 67. Qf6 Qd7 68. Qg6+ Kh8 69. Qf5 Qb7 70. Kf6 Qf7+ 71. Ke5 Qb7 72. Kd6 Kg7 73. Qd7+ 1-0

[Event "Ciutat Barcelona CAT-ARG 2018"]
[Site "Barcelona"]
[Date "2018.10.14"]
[Round "12"]
[White "Peralta, Fernando"]
[Black "Asis Gargatagli, Hipolito"]
[Result "1/2-1/2"]
[ECO "D86"]
[WhiteElo "2582"]
[BlackElo "2526"]
[Annotator "ChessBase"]
[PlyCount "59"]
[EventDate "2018.10.08"]
[EventCountry "ESP"]
[SourceTitle "playchess.com"]
[Source "ChessBase"]
[SourceQuality "1"]
[TimeControl "900+5"]

1. d4 Nf6 2. c4 g6 3. Nc3 d5 4. cxd5 Nxd5 5. e4 Nxc3 6. bxc3 Bg7 7. Bc4 c5 8. Ne2 Nc6 9. Be3 O-O 10. O-O Bg4 11. f3 Bd7 12. Rb1 Rc8 13. Bd3 Qc7 14. d5 Ne5 15. c4 b5 16. cxb5 c4 17. Bc2 e6 18. d6 Qa5 19. Bd4 Bxb5 20. Bc3 Qa6 21. a4 Bd7 22. Qd2 Nd3 23. Bxg7 Kxg7 24. Qc3+ e5 25. Qa3 Rc6 26. Rfd1 Rxd6 27. Nc1 Rd4 28. Ne2 Rd6 29. Nc1 Rd4 30. Ne2 1/2-1/2

[Event "Ciutat Barcelona CAT-ARG 2018"]
[Site "Barcelona"]
[Date "2018.10.14"]
[Round "12"]
[White "Lopez Martinez, Josep Manuel"]
[Black "Krysa, Leandro"]
[Result "0-1"]
[ECO "D71"]
[WhiteElo "2581"]
[BlackElo "2503"]
[Annotator "ChessBase"]
[PlyCount "120"]
[EventDate "2018.10.08"]
[EventCountry "ESP"]
[SourceTitle "playchess.com"]
[Source "ChessBase"]
[SourceQuality "1"]
[TimeControl "900+5"]

1. d4 Nf6 2. c4 g6 3. g3 Bg7 4. Bg2 d5 5. cxd5 Nxd5 6. Nf3 Nb6 7. O-O Nc6 8. Nc3 Nxd4 9. Nxd4 Qxd4 10. Qxd4 Bxd4 11. Nb5 Be5 12. f4 Bd6 13. Nxd6+ exd6 14. e4 Bd7 15. b3 Bc6 16. Bb2 O-O 17. Rac1 Rfe8 18. Rfe1 Nd7 19. Bd4 f6 20. b4 a6 21. Re3 Rac8 22. Rec3 Kf7 23. Kf2 h5 24. a4 Bxe4 25. Rxc7 Rxc7 26. Rxc7 Bxg2 27. Kxg2 Ke6 28. Rxb7 Rb8 29. Rxb8 Nxb8 30. Kf3 f5 31. Ke2 Kd5 32. Kd3 Nc6 33. Bc3 Nb8 34. Bd2 Nd7 35. Be3 Nf6 36. Bf2 Ng4 37. Bg1 Nf6 38. b5 axb5 39. axb5 Nd7 40. Kc3 Ke4 41. Ba7 d5 42. Bd4 h4 43. gxh4 Kxf4 44. b6 Kg4 45. b7 f4 46. Kb4 Kf5 47. Kb5 f3 48. Kc6 Ke6 49. Kc7 Ke7 50. h3 Ke6 51. Bf2 Ke7 52. Kc6 Ke6 53. Ba7 Ne5+ 54. Kb5 Nd7 55. Bf2 Kd6 56. Bg3+ Ke6 57. Bf2 Kd6 58. Ka6 Kc6 59. Ka7 Kb5 60. Be1 d4 0-1

[Event "Ciutat Barcelona CAT-ARG 2018"]
[Site "Barcelona"]
[Date "2018.10.14"]
[Round "12"]
[White "Pichot, Alan"]
[Black "Alonso Rosell, Alvar"]
[Result "0-1"]
[ECO "C72"]
[WhiteElo "2556"]
[BlackElo "2526"]
[Annotator "ChessBase"]
[PlyCount "71"]
[EventDate "2018.10.08"]
[EventCountry "ESP"]
[SourceTitle "playchess.com"]
[Source "ChessBase"]
[SourceQuality "1"]
[TimeControl "900+5"]

1. e4 e5 2. Nf3 Nc6 3. Bb5 a6 4. Ba4 d6 5. O-O Bd7 6. c4 Nf6 7. Nc3 Be7 8. Bxc6 bxc6 9. d4 exd4 10. Nxd4 O-O 11. Qf3 Re8 12. b3 c5 13. Nf5 Bxf5 14. Qxf5 Nd7 15. Nd5 Bf6 16. Rb1 Bd4 17. Bg5 f6 18. Bd2 Re5 19. Qf3 c6 20. Nf4 Qe7 21. Ne2 Re8 22. Ng3 g6 23. Bc3 Re6 24. Qd3 Ne5 25. Qd2 Bxc3 26. Qxc3 Nf7 27. f4 Nh6 28. Qd3 f5 29. exf5 Re3 30. Qc2 Qh4 31. fxg6 Ng4 32. gxh7+ Kh8 33. Qb2+ R8e5 34. h3 Qxg3 35. hxg4 Re2 36. fxe5 0-1

[Event "Ciutat Barcelona CAT-ARG 2018"]
[Site "Barcelona"]
[Date "2018.10.14"]
[Round "12"]
[White "Diaz Camallonga, Carles"]
[Black "Perez Ponsa, Federico"]
[Result "1/2-1/2"]
[ECO "B51"]
[WhiteElo "2444"]
[BlackElo "2554"]
[Annotator "ChessBase"]
[PlyCount "190"]
[EventDate "2018.10.08"]
[EventCountry "ESP"]
[SourceTitle "playchess.com"]
[Source "ChessBase"]
[SourceQuality "1"]
[TimeControl "900+5"]

1. e4 c5 2. Nf3 d6 3. Bb5+ Nd7 4. d4 cxd4 5. Qxd4 a6 6. Bxd7+ Bxd7 7. c4 Nf6 8. Bg5 e6 9. Nc3 h6 10. Bh4 e5 11. Qd3 g5 12. Bg3 Rc8 13. O-O Qc7 14. Nd2 Be7 15. Rfd1 Be6 16. Nd5 Nxd5 17. cxd5 Bd7 18. Nf1 h5 19. h3 Qc2 20. Rd2 Qxd3 21. Rxd3 f5 22. exf5 Bxf5 23. Rdd1 Kd7 24. Ne3 Bg6 25. Rac1 Rxc1 26. Rxc1 Bd8 27. f3 Bb6 28. Bf2 Bf7 29. Nf5 Bd8 30. Ne3 Re8 31. Rc4 b5 32. Rc6 Bxd5 33. Rxa6 Bb7 34. Ra7 Kc8 35. Nf5 Bc7 36. Ra3 Rf8 37. Ng3 g4 38. fxg4 hxg4 39. hxg4 Rg8 40. Rb3 Bc6 41. Nf5 Rxg4 42. Ne7+ Kd7 43. Nxc6 Kxc6 44. Rc3+ Kd7 45. b3 Bd8 46. Rg3 Re4 47. Kf1 b4 48. Rg7+ Ke6 49. g3 Be7 50. Rg8 d5 51. Rc8 d4 52. Rc4 Kd5 53. Rc2 Rg4 54. Ke2 e4 55. Rc7 Bd6 56. Rd7 Ke6 57. Rd8 Ke7 58. Rc8 e3 59. Be1 Bxg3 60. Bxb4+ Kd7 61. Rc4 Be5 62. Kd3 Ke6 63. Rc8 Kd7 64. Rc5 Ke6 65. Rc8 Rg1 66. Re8+ Kf6 67. Rf8+ Ke6 68. Re8+ Kf6 69. Rf8+ Kg7 70. Rf5 Bf6 71. Ra5 Rd1+ 72. Ke2 Rb1 73. Kd3 Kf7 74. Ra6 Rd1+ 75. Ke2 Rb1 76. Kd3 Be5 77. Ke4 Bg7 78. Kd3 Bf6 79. Ra4 Rb2 80. Ra6 Bh4 81. Kxd4 e2 82. Kd3 e1=Q 83. Bxe1 Bxe1 84. Ra4 Bg3 85. Ke3 Bd6 86. Kd3 Ke6 87. Re4+ Kd5 88. Rd4+ Kc6 89. Ra4 Rh2 90. Kc3 Bc5 91. Kc4 Rc2+ 92. Kd3 Rc1 93. Rc4 Rd1+ 94. Kc2 Rd4 95. Rxd4 Bxd4 1/2-1/2

[Event "Ciutat Barcelona CAT-ARG 2018"]
[Site "Barcelona"]
[Date "2018.10.14"]
[Round "13"]
[White "Pichot, Alan"]
[Black "Diaz Camallonga, Carles"]
[Result "0-1"]
[ECO "C18"]
[WhiteElo "2556"]
[BlackElo "2444"]
[Annotator "ChessBase"]
[PlyCount "126"]
[EventDate "2018.10.08"]
[EventCountry "ESP"]
[SourceTitle "playchess.com"]
[Source "ChessBase"]
[SourceQuality "1"]
[TimeControl "900+5"]

1. e4 e6 2. d4 d5 3. Nc3 Bb4 4. e5 c5 5. a3 Bxc3+ 6. bxc3 Qa5 7. Bd2 Qa4 8. Qb1 c4 9. Ne2 Nc6 10. Nf4 Bd7 11. h4 O-O-O 12. g3 b6 13. Bh3 Re8 14. O-O f6 15. Re1 fxe5 16. dxe5 Re7 17. Qd1 Kb8 18. Rb1 Ka8 19. Ne2 Rf7 20. Nf4 Re7 21. Bg2 Re8 22. Nxd5 exd5 23. Bxd5 Nge7 24. Bg2 Be6 25. Bg5 Rd8 26. Qe2 Bd5 27. Bxd5 Rxd5 28. Rbd1 Qb5 29. Rxd5 Nxd5 30. e6 h6 31. Bd2 Nde7 32. Qg4 Rg8 33. Bf4 g5 34. Bd6 Qf5 35. Qxc4 Qd5 36. Qxd5 Nxd5 37. c4 Nde7 38. hxg5 hxg5 39. Kg2 Nf5 40. Be5 Re8 41. Bf6 g4 42. Bg5 Nfd4 43. Re4 Rxe6 44. Rxg4 Nxc2 45. Bf4 Nxa3 46. Rg8+ Kb7 47. g4 Nxc4 48. g5 N4e5 49. Rg7+ Ka6 50. Kg3 Ng6 51. Be3 Nce7 52. Rf7 Kb5 53. Bd4 Kc4 54. Bf6 a5 55. f4 Kd5 56. Kg4 Ke4 57. Bxe7 Nxe7 58. f5 Re5 59. f6 Nd5 60. g6 Ne3+ 61. Kh4 Kf3 62. Rh7 Ng2+ 63. Kh3 Nf4+ 0-1

[Event "Ciutat Barcelona CAT-ARG 2018"]
[Site "Barcelona"]
[Date "2018.10.14"]
[Round "13"]
[White "Perez Ponsa, Federico"]
[Black "Lopez Martinez, Josep Manuel"]
[Result "1-0"]
[ECO "C48"]
[WhiteElo "2554"]
[BlackElo "2581"]
[Annotator "ChessBase"]
[PlyCount "29"]
[EventDate "2018.10.08"]
[EventCountry "ESP"]
[SourceTitle "playchess.com"]
[Source "ChessBase"]
[SourceQuality "1"]
[TimeControl "900+5"]

1. e4 e5 2. Nf3 Nc6 3. Nc3 Nf6 4. Bb5 Bc5 5. O-O d6 6. d4 exd4 7. Nxd4 Bd7 8. Nf5 O-O 9. Bg5 Ne5 10. Bxd7 Nexd7 11. Nd5 h6 12. Nde7+ Kh7 13. Qc1 Re8 14. Bxh6 Rxe7 15. Bxg7 1-0

[Event "Ciutat Barcelona CAT-ARG 2018"]
[Site "Barcelona"]
[Date "2018.10.14"]
[Round "13"]
[White "Guerra Mendez, Jose Angel"]
[Black "Krysa, Leandro"]
[Result "1-0"]
[ECO "C44"]
[WhiteElo "2534"]
[BlackElo "2503"]
[Annotator "ChessBase"]
[PlyCount "127"]
[EventDate "2018.10.08"]
[EventCountry "ESP"]
[SourceTitle "playchess.com"]
[Source "ChessBase"]
[SourceQuality "1"]
[TimeControl "900+5"]

1. e4 e5 2. Nf3 Nc6 3. d4 exd4 4. Nxd4 Nf6 5. Nc3 Bc5 6. Nxc6 bxc6 7. Bd3 O-O 8. O-O Re8 9. h3 Rb8 10. Na4 Bf8 11. Qf3 d5 12. exd5 cxd5 13. Bg5 Bd7 14. Nc3 c6 15. b3 h6 16. Bxf6 Qxf6 17. Qxf6 gxf6 18. Ne2 Re5 19. Rfe1 Rbe8 20. Kf1 Ba3 21. Rad1 Kg7 22. c3 a5 23. f4 Re3 24. Nd4 Bc5 25. Rxe3 Rxe3 26. Kf2 Re8 27. Re1 Rb8 28. Kf3 a4 29. bxa4 Rb2 30. Re2 Rb7 31. Nf5+ Bxf5 32. Bxf5 Ra7 33. Bc2 Bb6 34. Bb3 Ba5 35. c4 d4 36. Ke4 Re7+ 37. Kd3 Rxe2 38. Kxe2 c5 39. Bc2 Kf8 40. Kf3 Ke7 41. Kg4 Kf8 42. Kf5 Ke7 43. Kg4 Kf8 44. Bd3 Bb4 45. Kf5 Ke7 46. g4 Be1 47. Be2 Ba5 48. h4 Bd2 49. h5 Bc3 50. g5 fxg5 51. fxg5 hxg5 52. Kxg5 Bd2+ 53. Kf5 Kf8 54. Ke5 Bc3 55. Kd5 f5 56. Kxc5 f4 57. Kb5 Ke7 58. a5 Kd6 59. a6 Kc7 60. Bd3 f3 61. a7 Kb7 62. h6 f2 63. h7 f1=Q 64. a8=Q+ 1-0

[Event "Ciutat Barcelona CAT-ARG 2018"]
[Site "Barcelona"]
[Date "2018.10.14"]
[Round "13"]
[White "Alonso Rosell, Alvar"]
[Black "Peralta, Fernando"]
[Result "1/2-1/2"]
[ECO "E16"]
[WhiteElo "2526"]
[BlackElo "2582"]
[Annotator "ChessBase"]
[PlyCount "87"]
[EventDate "2018.10.08"]
[EventCountry "ESP"]
[SourceTitle "playchess.com"]
[Source "ChessBase"]
[SourceQuality "1"]
[TimeControl "900+5"]

1. d4 Nf6 2. c4 e6 3. Nf3 b6 4. g3 Bb7 5. Bg2 Bb4+ 6. Bd2 a5 7. O-O O-O 8. Bf4 Be7 9. Nc3 Ne4 10. Nb5 Na6 11. h4 c6 12. Nc3 Nxc3 13. bxc3 d5 14. Rb1 Nb8 15. c5 b5 16. a4 Ba6 17. Ne5 Qc8 18. axb5 cxb5 19. e4 dxe4 20. Bxe4 Ra7 21. Re1 a4 22. c4 a3 23. Qb3 bxc4 24. Qxa3 Bf6 25. Nxc4 Nc6 26. Nd6 Qd7 27. Rb6 Bb5 28. Qc1 Ba4 29. d5 exd5 30. Bxd5 Nd4 31. Qc4 Bc6 32. Bxc6 Nxc6 33. Bg5 Ne5 34. Qd5 Qg4 35. Rxe5 Ra1+ 36. Kg2 Bxe5 37. Rb7 Bxd6 38. cxd6 Rd1 39. Qf3 Qxf3+ 40. Kxf3 Rxd6 41. Be7 Rd3+ 42. Ke2 Rdd8 43. Bxd8 Rxd8 44. Ra7 1/2-1/2

[Event "Ciutat Barcelona CAT-ARG 2018"]
[Site "Barcelona"]
[Date "2018.10.14"]
[Round "13"]
[White "Asis Gargatagli, Hipolito"]
[Black "Mareco, Sandro"]
[Result "1/2-1/2"]
[ECO "B40"]
[WhiteElo "2526"]
[BlackElo "2653"]
[Annotator "RC"]
[PlyCount "56"]
[EventDate "2018.10.08"]
[EventCountry "ESP"]
[SourceTitle "playchess.com"]
[Source "ChessBase"]
[SourceQuality "1"]
[TimeControl "900+5"]

1. e4 c5 2. Nf3 e6 3. b3 d6 4. Bd3 Nf6 5. O-O Nc6 6. Re1 Be7 7. c3 O-O 8. Bc2 b6 9. a3 e5 10. b4 a6 11. h3 h6 12. d4 exd4 13. cxd4 d5 14. exd5 Nxd5 15. Qd3 Nf6 16. Nc3 Nxd4 17. Nxd4 cxd4 18. Ne4 g6 19. Bxh6 Re8 20. Nxf6+ Bxf6 21. Rxe8+ Qxe8 22. Qf3 Bf5 23. Bxf5 gxf5 24. Qg3+ Kh7 25. Bg5 Bg7 26. Qh4+ Kg6 27. Qg3 Kh7 28. Qh4+ Kg8 1/2-1/2

[Event "Ciutat Barcelona CAT-ARG 2018"]
[Site "Barcelona"]
[Date "2018.10.14"]
[Round "14"]
[White "Peralta, Fernando"]
[Black "Diaz Camallonga, Carles"]
[Result "1-0"]
[ECO "D45"]
[WhiteElo "2582"]
[BlackElo "2444"]
[Annotator "RC"]
[PlyCount "47"]
[EventDate "2018.10.08"]
[EventCountry "ESP"]
[SourceTitle "playchess.com"]
[Source "ChessBase"]
[SourceQuality "1"]
[TimeControl "900+5"]

1. d4 d5 2. c4 c6 3. Nf3 Nf6 4. Nc3 e6 5. e3 a6 6. b3 Bb4 7. Bd2 Nbd7 8. Bd3 O-O 9. O-O Bd6 10. Re1 e5 11. cxd5 cxd5 12. e4 exd4 13. Nxd5 Nxd5 14. exd5 h6 15. Nxd4 Nb6 16. Qh5 Qf6 17. Nf3 Bd7 18. Be3 Nc8 19. Bd4 Qf4 20. h3 Ne7 21. Re4 Qf5 22. Rg4 Qxh5 23. Rxg7+ Kh8 24. Rh7+ 1-0